 Dungeon Crawl Stone Soup version 0.29-a0-802-g34511f41fd (webtiles) character file.

Game seed: 15379705357744947743

1404 polve the Agent of Entropy (level 8, 0/68 HPs)
             Began as a Demonspawn Abyssal Knight on July 3, 2022.
             Was a Priest of Lugonu.
             Killed by divine providence
             ... invoked by an orc priest
              (12 damage)
             ... on level 6 of the Dungeon.
             The game lasted 00:05:22 (7183 turns).

polve the Agent of Entropy (DsAK)                   Turns: 7183, Time: 00:05:22

Health: 0/68       AC:  9    Str: 15    XL:     8   Next: 42%
Magic:  14/14      EV: 15    Int: 11    God:    Lugonu [***...]
Gold:   256        SH:  4    Dex: 15    Spells: 7/7 levels left

rFire   . . .      SeeInvis .   b - +1 dagger (elec)
rCold   . . .      Faith    .   (no shield)
rNeg    . . .      Spirit   .   p - +0 leather armour
rPois   .          Reflect  .   (no helmet)
rElec   .          Harm     .   (no cloak)
rCorr   .          Rampage  .   m - +0 pair of gloves
Will    .....                   x - +0 pair of boots
Stlth   +.........              (no amulet)
HPRegen 0.21/turn               e - +4 ring of evasion
MPRegen 0.14/turn               (no ring)

@: marked
A: icemail 1, condensation shield, demonic touch 1
a: Renounce Religion, Depart the Abyss, Bend Space, Banish


You were on level 6 of the Dungeon.
You worshipped Lugonu.
Lugonu was most pleased with you.
You visited 1 branch of the dungeon, and saw 7 of its levels.
You visited the Abyss 1 time.

You collected 256 gold pieces.

Inventory:

Hand Weapons
 a - a +0 dagger of venom
 b - a +1 dagger of electrocution (weapon)
Armour
 m - a +0 pair of gloves (worn)
 p - a +0 leather armour (worn)
 x - a +0 pair of boots (worn)
Jewellery
 e - a +4 ring of evasion (left hand)
 z - a ring of resist corrosion
Wands
 y - a wand of polymorph (10)
 A - a wand of acid (8)
 D - a wand of flame (26)
Scrolls
 c - 3 scrolls of noise {unknown}
 d - 4 scrolls of identify {unknown}
 g - a scroll of acquirement {unknown}
 h - 2 scrolls of magic mapping {unknown}
 n - 3 scrolls of blinking {unknown}
 o - 2 scrolls of torment {unknown}
 r - 4 scrolls of teleportation {unknown}
 s - a scroll of enchant armour {unknown}
 t - 2 scrolls of poison {unknown}
 w - a scroll of amnesia {unknown}
 B - a scroll of fog {unknown}
 F - a scroll of enchant weapon {unknown}
Potions
 f - a potion of invisibility {unknown}
 i - a potion of ambrosia {unknown}
 j - 2 potions of lignification {unknown}
 k - a potion of brilliance {unknown}
 l - a potion of might {unknown}
 q - a potion of resistance {unknown}
 u - a potion of heal wounds {unknown}
 v - a potion of magic {unknown}
 C - a potion of mutation {unknown}
 E - a potion of attraction {unknown}
 G - a potion of curing {unknown}


   Skills:
 + Level 7.6 Fighting
 - Level 4.0 Short Blades
 - Level 1.7 Armour
 - Level 0.8 Dodging
 - Level 9.0 Invocations


You had 7 spell levels left.
You didn't know any spells.
Your spell library contained the following spells:

 Spells                   Type           Power      Damage    Failure   Level
 Necrotise                Necr           0%         1d4       41%         1
 Shock                    Conj/Air       0%         1d3       41%         1
 Blink                    Tloc           0%         N/A       54%         2
 Lesser Beckoning         Tloc           0%         N/A       78%         3
 Swiftness                Air            0%         N/A       78%         3
 Vampiric Draining        Necr           0%         2d6       78%         3
 Airstrike                Air            0%         0-1+      99%         4
 Agony                    Necr           0%         N/A       100%        5
 Manifold Assault         Tloc           0%         N/A       100%        5
 Dispersal                Tloc           0%         N/A       100%        6
 Disjunction              Tloc           0%         N/A       100%        8


Dungeon Overview and Level Annotations

Branches:
Dungeon (7/15)             Temple (0/1) D:4

Altars:
Fedhas
Ru
Uskayaw

Annotations:
D:4 exclusion: oklob plant


Innate Abilities, Weirdness & Mutations

A meltable icy envelope protects you from harm. (AC +4)
A meltable shield of frost defends you. (SH +4)
Your touch may inflict minor irresistible damage on your foes.


Message History

The orc priest calls down the wrath of Beogh upon you.
Beogh smites you! The orc barely misses you. The vampire mosquito misses you.
The vampire mosquito misses you.
The vampire mosquito attacks as you move away!
The vampire mosquito misses you. x2
The vampire mosquito attacks as you move away!
You block the vampire mosquito's attack.
The vampire mosquito barely misses you. The vampire mosquito barely misses you.
The vampire mosquito closely misses you.
The vampire mosquito bites you.
The vampire mosquito draws strength from your injuries!
The vampire mosquito misses you.
You barely miss the vampire mosquito. The vampire mosquito barely misses you.
You block the vampire mosquito's attack.
You miss the vampire mosquito. Your touch misses the vampire mosquito.
You block the vampire mosquito's attack.
You closely miss the vampire mosquito. The vampire mosquito barely misses you.
The vampire mosquito bites you but does no damage.
You hit the vampire mosquito.
Lightning courses through the vampire mosquito!
The vampire mosquito is severely damaged.
The vampire mosquito misses you.
You miss the vampire mosquito.
The vampire mosquito is severely damaged.
The vampire mosquito bites you but does no damage.
The vampire mosquito bites you.
The vampire mosquito draws strength from your injuries!
You miss the vampire mosquito.
The vampire mosquito is heavily damaged.
The vampire mosquito closely misses you.
The orc priest mumbles some strange prayers to Beogh against you.
Beogh smites you!
* * * LOW HITPOINT WARNING * * *
You barely miss the vampire mosquito.
You touch the vampire mosquito!
The vampire mosquito is almost destroyed.
The vampire mosquito misses you. The vampire mosquito barely misses you.
The orc priest mumbles some strange prayers to Beogh against you.
Beogh smites you!
You die...

##############
#.C.ooooy@...#
########.##########.#
#.........# #.#
........>.# #)#
.......o..# #)#
.###......# #.#
..##..##### #)#
...#[†### #.#
#..C....# #.#


You could see a cyclops, a vampire mosquito, an orc priest and 3 orcs.

Vanquished Creatures
  Sigmund (D:4)
  Eustachio (D:5)
  A water moccasin (D:5)
  2 black bears
  2 ogres
  A centaur (D:5)
  A kobold brigand (D:5)
  A bullfrog (D:6)
  2 scorpions
  A jelly (D:6)
  2 orc wizards (D:6)
  3 iguanas
  5 adders
  A white imp (D:5)
  An ufetubus (D:5)
  A worm (D:3)
  3 dart slugs
  7 orcs
  5 ball pythons
  5 endoplasms
  4 giant cockroaches
  12 hobgoblins
  4 quokkas
  3 bats
  6 goblins
  13 kobolds
  6 rats
94 creatures vanquished.

Notes
Turn   | Place    | Note
-------+----------+-------------------------------------------
     0 | Abyss:1  | polve the Demonspawn Abyssal Knight began the quest for the
                  | Orb.
     0 | Abyss:1  | Reached XP level 1. HP: 18/18 MP: 2/2
    92 | Abyss:1  | Found a corrupted altar of Lugonu.
    93 | D:1      | Escaped the Abyss
   595 | D:1      | Gained mutation: Your touch may inflict minor irresistible
                  | damage on your foes. [demonic ancestry]
   595 | D:1      | Reached XP level 2. HP: 16/24 MP: 3/3
  1934 | D:2      | Found a faded altar of an unknown god.
  2019 | D:2      | Reached XP level 3. HP: 29/29 MP: 4/4
  3101 | D:3      | Found a hide-covered altar of Uskayaw.
  3128 | D:3      | Reached XP level 4. HP: 35/35 MP: 5/5
  3210 | D:3      | Noticed a black bear
  3222 | D:3      | Killed a black bear
  3223 | D:3      | Reached skill level 5 in Invocations
  3223 | D:3      | Gained mutation: A meltable shield of frost defends you.
                  | (SH +4) [demonic ancestry]
  3223 | D:3      | Reached XP level 5. HP: 17/41 MP: 5/8
  4148 | D:4      | Noticed an ogre
  4150 | D:4      | Found a staircase to the Ecumenical Temple.
  4173 | D:4      | Killed an ogre
  4174 | D:4      | Reached skill level 6 in Invocations
  4174 | D:4      | Reached XP level 6. HP: 16/47 MP: 10/10
  4709 | D:4      | Noticed Sigmund
  4720 | D:4      | Reached *** piety under Lugonu
  4868 | D:4      | Killed Sigmund
  4869 | D:4      | Reached skill level 8 in Invocations
  5094 | D:4      | Found a sacrificial altar of Ru.
  5123 | D:4      | Gained mutation: A meltable icy envelope protects you from
                  | harm. (AC +4) [demonic ancestry]
  5123 | D:4      | Reached XP level 7. HP: 46/52 MP: 13/13
  5300 | D:4      | Found a blossoming altar of Fedhas.
  5415 | D:4      | Noticed an oklob plant
  5500 | D:5      | Entered Level 5 of the Dungeon
  5517 | D:5      | Reached skill level 9 in Invocations
  6264 | D:5      | Reached skill level 5 in Fighting
  6318 | D:5      | Noticed Eustachio
  6333 | D:5      | Killed Eustachio
  6334 | D:5      | Reached XP level 8. HP: 51/64 MP: 14/14
  7152 | D:6      | Noticed a cyclops
  7183 | D:6      | Killed from afar by an orc priest

Illustrated notes

Levels and vault maps discovered:
D:1:      dpeg_arrival_stonehenge_8_columns, layout_loops_corners,
          serial_forest, infiniplex_forest_lined_room_2,
          infiniplex_forest_corner_2, infiniplex_forest_3_way,
          infiniplex_forest_end_1, infiniplex_forest_lined_corner,
          infiniplex_forest_corner_1, infiniplex_forest_clump_diagonal,
          infiniplex_forest_end_2, infiniplex_forest_lined_3,
          infiniplex_forest_clump_tiny
D:2:      layout_rooms, basic_ecumenical_altar
D:3:      layout_basic, eat_drink_and_be_merry_uskayaw, grunt_ministairs_5,
          chequers_serial_rivers_micro_c
D:4:      layout_loops_ring, tgw_fedhas, lemuel_doored_altar,
          minmay_temple_entry_arrows, minivault_19, uniq_sigmund
D:5:      layout_loops_ring, uniq_eustachio
D:6:      layout_basic, gup_sewer_entry_bubbles, minmay_chambers_of_fives
D:7:      layout_cave_pools, minmay_manual_mess, uniq_menkaure, uniq_pikel

Skill      XL: |  1  2  3  4  5  6  7  8 |
---------------+-------------------------+-----
Short Blades   | 2 3 4 |  4.0
Invocations    | 5 6 8 9 |  9.0
Fighting       | 6 7 |  7.6
Armour         | |  1.7
Dodging        | |  0.8

Action                   |  1- 3 |  4- 6 |  7- 9 || total
-------------------------+-------+-------+-------++-------
Melee: Short sword       |   135 |       |       ||   135
       Touch             |    12 |    19 |    28 ||    59
       Dagger            |     6 |    77 |   105 ||   188
       Rapier            |       |     2 |    11 ||    13
       Punch             |       |       |     1 ||     1
Invok: Depart the Abyss  |     1 |       |       ||     1
 Stab: Sleeping          |     1 |     1 |       ||     2
Armor: Leather armour    |    25 |    18 |    34 ||    77
Dodge: Dodged            |    78 |    55 |    97 ||   230
Block: Other             |       |    12 |    23 ||    35

Table legend: (Time is in decaauts)
 A = Elapsed time spent in this place.
 B = Non-inter-level travel time spent in this place.
 C = Inter-level travel time spent in this place.
 D = Time resting spent in this place.
 E = Time spent auto-exploring this place.
 F = Levels seen in this place.
 G = Mean time per level.
                   A        B        C        D        E       F      G
               +--------+--------+--------+--------+--------+-----+--------+
         Total |   7137 |   6985 |    152 |      0 |   6161 |   8 |  892.1 |
       Dungeon |   7044 |   6892 |    152 |      0 |   6069 |   7 | 1006.3 |
         Abyss |     93 |     93 |      0 |      0 |     92 |   1 |   93.0 |
               +--------+--------+--------+--------+--------+-----+--------+

Top non-repeatable levels by time:
     D:1: 1838 daAuts
     D:3: 1390 daAuts
     D:4: 1267 daAuts
     D:5: 1203 daAuts
     D:2: 885 daAuts
     D:6: 458 daAuts
 Abyss:1: 93 daAuts
     D:7: 1 daAuts
